 Dungeon Crawl Stone Soup version 0.31-a0-233-g139696dc86 (webtiles) character file.

Game seed: 7625764701515400483

163 qw the Shooter (level 5, 0/31 HPs)
             Began as a Gargoyle Hexslinger on July 8, 2023.
             Slain by a river rat (4 damage)
             ... summoned by Eustachio
             ... on level 3 of the Dungeon.
             The game lasted 00:01:06 (2525 turns).

qw the Shooter (Gargoyle Hexslinger)                Turns: 2525, Time: 00:01:06

Health: 0/31       AC: 11    Str: 11    XL:     5   Next: 44%
Magic:  6/6        EV: 11    Int: 14    God:
Gold:   140        SH:  0    Dex: 14    Spells: 5/6 levels left

rFire   . . .        Y - +2 sling
rCold   . . .        (no shield)
rNeg    + . .        h - +0 leather armour
rPois   inf          n - +1 helmet
rElec   +            (no cloak)
rCorr   .            f - +1 pair of gloves
SInv    .            (no boots)
Will    .....        (no amulet)
Stlth   +            (no ring)
HPRegen 0.25/turn    (no ring)
MPRegen 0.10/turn

%: no passive effects
@: about to teleport
A: sickness immunity, AC +4, negative energy resistance 1, electricity
resistance, torment resistance 1, petrification resistance
a: no special abilities


You were on level 3 of the Dungeon.
You visited 1 branch of the dungeon, and saw 4 of its levels.

You collected 140 gold pieces.


Innate Abilities, Weirdness & Mutations

You are immune to sickness and miasma.
Your stone body is resilient. (AC +4)
You are immune to poison.
You resist negative energy. (rN+)
You are resistant to electric shocks. (rElec)
You are resistant to unholy torment.
You are immune to petrification.


   Skills:
 + Level 2.6 Fighting
 - Level 5.0 Ranged Weapons
 - Level 1.5 Dodging
 - Level 1.0 Spellcasting
 - Level 2.6 Hexes


You had 5 spell levels left.
You knew the following spells:

 Your Spells              Type           Power      Damage    Failure   Level
a - Slow                  Hex            32%        N/A       12%         1

Your spell library contained the following spells:

 Spells                   Type           Power      Damage    Failure   Level
 Inner Flame              Hex/Fire       4%         N/A       52%         3
 Portal Projectile        Hex/Tloc       8%         N/A       52%         3
 Cause Fear               Hex            4%         N/A       75%         4

Inventory:

Hand Weapons
 Y - a +2 sling (weapon)
Armour
 f - a +1 pair of gloves (worn)
 h - a +0 leather armour (worn)
 n - a +1 helmet (worn)
Scrolls
 c - 3 scrolls of teleportation
 e - a scroll of identify
Potions
 a - a potion of might
 d - 3 potions of curing
 g - a potion of heal wounds
 i - a potion of enlightenment
 k - a potion of invisibility {unknown}

Dungeon Overview and Level Annotations

Branches:
Dungeon (4/15)
 Temple: D:4-7

Altars:

Annotations:
D:3 Eustachio
D:4 exclusion: 2 wights


Message History

The river rat bites you but does no damage.
You shoot a sling bullet. The sling bullet hits the shadow imp.
The shadow imp is severely wounded.
The crimson imp disappears in a puff of smoke!
The quokka bites you.
Eustachio casts a spell.
The shadow imp barely misses you. The river rat barely misses you.
The quokka bites you but does no damage.
You shoot a sling bullet. The sling bullet hits the shadow imp.
You kill the shadow imp!
The shadow imp disappears in a puff of smoke!
The bat closely misses you.
Eustachio says, "Summoning is fun!"
The quokka bites you but does no damage.
The river rat bites you but does no damage.
You shoot a sling bullet.
The sling bullet hits Eustachio but does no damage.
Eustachio is moderately wounded.
The quokka barely misses you. Eustachio hits you with a +0 rapier.
The quokka closely misses you.
The river rat bites you but does no damage.
Eustachio gestures wildly while chanting.
The quokka bites you but does no damage. x2
You shoot a sling bullet.
The sling bullet barely misses Eustachio.
The river rat barely misses you.
The quokka bites you but does no damage. x2
Eustachio hits you with a +0 rapier. The white imp gestures at you.
The puff of frost hits you but does no damage.
The river rat closely misses you.
2525 ||| READING 4 scrolls of teleportation.
As you read the scroll of teleportation, it crumbles to dust.
You feel strangely unstable. The quokka bites you.
The quokka barely misses you.
Eustachio mumbles some strange words.
Eustachio blinks!
The white imp hits you but does no damage.
The river rat bites you.
You die...

#.#...###.........#
#.#.#.###).##.#.###
#.#.#..##..##.#.#
#.#........##.#.#
#.#.##...#.##.#.#
#.######...##.#.# #.#
##.###.#.# #.#######5#
#.#.#
########......br@###.#.#
..............@rr55..#.#
####################.#.#
#.#.# #.#.# ###.#
#.##########
#...........
############


You could see Eustachio, a quasit (summoned), a crimson imp (summoned), a river
rat (summoned), a white imp (summoned), 2 quokkas and a bat (summoned).

Vanquished Creatures
  Jessica (D:2)
  An iguana (D:3)
  4 adders
  A worm (D:2)
  An orc (D:3)
  5 ball pythons
  3 bats
  5 endoplasms
  3 giant cockroaches (D:1)
  9 goblins
  7 hobgoblins
  6 jackals
  2 quokkas
  2 frilled lizards
  9 kobolds
  9 rats
68 creatures vanquished.

Notes
Turn   | Place    | Note
-------+----------+-------------------------------------------
     0 | D:1      | qw the Gargoyle Hexslinger began the quest for the Orb.
     0 | D:1      | Reached XP level 1. HP: 12/12 MP: 2/2
     0 | D:1      | 0 ||| qw: Version: 0.3-a-46-gb1f654a
     0 | D:1      | 0 ||| qw: Game counter: 3410
     0 | D:1      | 0 ||| qw: Melee chars always use a shield: true
     0 | D:1      | 0 ||| qw: God list: Okawaru
     0 | D:1      | 0 ||| qw: Allow faded altars: false
     0 | D:1      | 0 ||| qw: Do Orc after clearing Dungeon:15 true
     0 | D:1      | 0 ||| qw: Do second Lair branch before Depths: true
     0 | D:1      | 0 ||| qw: Lair rune preference: random
     0 | D:1      | 0 ||| qw: Goals: Normal
     0 | D:1      | 0 ||| PLANNING D:1-11
    57 | D:1      | Reached XP level 2. HP: 16/16 MP: 3/3
    89 | D:1      | Reached skill level 3 in Ranged Weapons
   240 | D:1      | Reached XP level 3. HP: 18/21 MP: 4/4
   365 | D:1      | Found a faded altar of an unknown god.
   497 | D:1      | 497 ||| UPGRADING to +1 pair of gloves.
   502 | D:1      | 502 ||| UPGRADING to +0 leather armour.
   512 | D:1      | 512 ||| DROPPING +0 robe.
   513 | D:1      | 513 ||| READING scroll labelled ASILIA EKIWI.
   514 | D:1      | 514 ||| READING scroll labelled FEKHYGRO MINU.
   515 | D:1      | 515 ||| DRINKING 3 grey potions.
   516 | D:1      | 516 ||| DROPPING scroll of poison.
   969 | D:2      | Reached XP level 4. HP: 26/26 MP: 5/5
  1040 | D:2      | Reached skill level 4 in Ranged Weapons
  1285 | D:2      | Noticed Jessica
  1296 | D:2      | Killed Jessica
  1407 | D:2      | 1407 ||| READING 2 scrolls labelled GEREBE EKLOURA.
  1411 | D:2      | 1411 ||| READING 3 scrolls labelled NOM ACIDOSE.
  1412 | D:2      | 1412 ||| READING 2 scrolls of identify.
  1412 | D:2      | 1412 ||| IDENTIFYING fuming puce potion
  1589 | D:3      | Reached XP level 5. HP: 30/30 MP: 6/6
  1999 | D:3      | Reached skill level 5 in Ranged Weapons
  2263 | D:3      | 2263 ||| UPGRADING to +1 helmet.
  2268 | D:3      | 2268 ||| READING scroll labelled DUASTA ADUVIA.
  2269 | D:3      | 2269 ||| READING scroll labelled FURAYCRANAR.
  2270 | D:3      | 2270 ||| DRINKING 2 sedimented ruby potions.
  2271 | D:3      | 2271 ||| DRINKING 2 smoky emerald potions.
  2272 | D:3      | 2272 ||| DRINKING 2 smoky purple potions.
  2273 | D:3      | 2273 ||| READING 2 scrolls of identify.
  2273 | D:3      | 2273 ||| IDENTIFYING inky potion
  2274 | D:3      | 2274 ||| DROPPING potion of lignification.
  2275 | D:3      | 2275 ||| DROPPING potion of attraction.
  2310 | D:4      | 2310 ||| STAIRDANCE
  2340 | D:4      | 2340 ||| STAIRDANCE
  2340 | D:4      | HP: 2/31 [wight/+4 halberd (10)]
  2498 | D:4      | Noticed Eustachio
  2505 | D:4      | 2505 ||| STAIRDANCE
  2524 | D:3      | HP: 5/31 [Eustachio/+0 rapier (3)]
  2525 | D:3      | 2525 ||| READING 4 scrolls of teleportation.
  2525 | D:3      | Slain by a river rat

Levels and vault maps discovered:
D:1:      lemuel_arrival_lava_pool, layout_rooms,
          shapermc_ecumenical_altar_mp_ritualfount
D:2:      layout_loops_corners, kennysheep_generic_room_7, uniq_jessica
D:3:      layout_basic
D:4:      layout_rooms, serial_shops, shop, chequers_serial_rivers_micro_e,
          kennysheep_flooded_box, kennysheep_generic_room_9, uniq_menkaure,
          uniq_eustachio

Skill      XL: |  1  2  3  4  5 |
---------------+----------------+-----
Ranged Weapons | 3 4 5 |  5.0
Fighting       | 2 |  2.6
Dodging        | |  1.5
Spellcasting   | |  1.0
Hexes          | |  2.6

Action                     |  1- 3 |  4- 6 || total
---------------------------+-------+-------++-------
   Fire: Sling             |   119 |   156 ||   275
    Use: Scroll            |     2 |     7 ||     9
         Potion            |     1 |     3 ||     4
 Armour: Robe              |    10 |       ||    10
         Leather armour    |     5 |    60 ||    65
  Dodge: Dodged            |    23 |    89 ||   112

Table legend:
 A = Non-vault XP
 B = Vault XP
 C = Vault XP percentage of total XP
 D = Non-vault monster count
 E = Vault monster count
 F = Vault count percentage of total count
                 A         B        C        D         E       F
            +---------+---------+-------+---------+---------+-------
      Total |     188 |      45 |  19.3 |      63 |       5 |   7.4
            +---------+---------+-------+---------+---------+-------
        D:1 |      42 |       0 |   0.0 |      26 |       0 |   0.0
        D:2 |      66 |      45 |  40.5 |      18 |       5 |  21.7
        D:3 |      80 |       0 |   0.0 |      19 |       0 |   0.0
            +---------+---------+-------+---------+---------+-------
